Map: Submarine LE

Players

Zabor - Winner!

  • Race: Terran Terran
  • League: Gold
  • Spawn Location: 5:00

imbacile

  • Race: Terran Terran
  • League: Platinum
  • Spawn Location: 11:00

VOD

Have the link to the VOD?

Description

Time

  • Played on: June 29, 2020, 3:25 p.m.
  • Length: 5:11
Show
View Real Time Build Order
Export as new Build Order

Zabor Terran - Winner!

Build Orders:  

Get SALT Encoding   

  12  0:02  SCV  
  13  0:14  SCV  
  14  0:19  Supply Depot  
  14  0:26  SCV  
  15  0:31  Refinery  
  15  0:43  Barracks  
  15  0:45  SCV  
  16  0:55  Supply Depot  
  16  0:59  SCV  
  17  1:11  SCV  
  18  1:21  Barracks  
  18  1:27  SCV  
  19  1:53  Barracks Reactor  
  19  1:57  Barracks  
  19  2:00  Barracks  
  19  2:11  Barracks Reactor  
  19  2:30  Marine x2  
  19  2:36  Supply Depot  
  21  2:44  Supply Depot  
  21  2:45  Marine  
  21  2:48  Marine  
  23  2:56  Marine x2  
  23  3:07  Marine  
  23  3:08  Marine x3  
  24  3:14  Marine  
  22  3:25  Marine  
  22  3:26  Marine  
  23  3:34  Marine x3  
  26  3:49  Marine x2  
  26  3:52  Marine  
  26  3:53  Marine  
  26  3:54  Marine  
  31  4:09  Marine x2  
  33  4:20  Marine  
  34  4:33  Marine  
Show
View Real Time Build Order
Export as new Build Order

imbacile Terran 

Build Orders:  

Get SALT Encoding   

  12  0:00  SCV  
  13  0:12  SCV  
  14  0:19  Supply Depot  
  14  0:25  SCV  
  15  0:41  SCV  
  16  0:43  Barracks  
  16  0:53  SCV  
  17  0:59  Barracks  
  17  1:01  Supply Depot  
  17  1:05  SCV  
  18  1:17  SCV  
  19  1:29  SCV  
  19  1:30  Marine  
  21  1:41  SCV  
  22  1:47  Marine x2  
  22  1:53  Command Center  
  24  2:02  Supply Depot  
  24  2:06  Marine x2  
  26  2:14  SCV  
  27  2:18  Refinery  
  27  2:20  Refinery  
  27  2:24  Marine  
  27  2:26  SCV  
  27  2:27  Marine  
  30  2:37  Refinery  
  30  2:38  SCV  
  31  2:57  Marine x2  
  32  3:15  Marine x2  
  29  3:41  Barracks Tech Lab, Ghost Academy  
  29  3:42  Barracks Tech Lab  
  29  3:46  SCV x2  
  31  3:54  Factory  
  31  3:58  SCV  
  31  4:01  Engineering Bay  
  31  4:02  Engineering Bay  
  32  4:10  Barracks  
  32  4:14  Ghost  
  32  4:15  Ghost  
  36  4:20  SCV  
  36  4:23  SCV  
  38  4:32  SCV  
  39  4:39  Factory Tech Lab  
Tags
 
Matchup
TvT
Race
Terran
Spawn Locations
Cross Positions
Add a new tag
Caveats
  • Supply blocks, unpowered buildings, or Contaminate may cause inaccurate times.
  • Supply counts are checked every 10 seconds.